 Dungeon Crawl Stone Soup version 0.30-a0-29-g142975f185 (webtiles) character file.

Game seed: 12174427483667651989

46225 Flugkiller the Severer (level 14, 0/127 HPs)
             Began as a Minotaur Fighter on Aug 25, 2022.
             Was a High Priest of Okawaru.
             Slain by an 11-headed hydra (3 damage)
             ... on level 4 of the Lair of Beasts.
             The game lasted 00:11:02 (21402 turns).

Flugkiller the Severer (Minotaur Fighter)          Turns: 21402, Time: 00:11:02

Health: 0/127      AC: 23    Str: 21    XL:     14   Next: 4%
Magic:  13/20      EV:  9    Int:  2    God:    Okawaru [*****.]
Gold:   980        SH:  8    Dex: 15    Spells: 13/13 levels left

rFire   + . .      SeeInvis .    l - +5 broad axe "Yhuhokli" {venom, rN+ rCorr Int-3}
rCold   + . .      Faith    .    c - +0 buckler
rNeg    + . .      Spirit   .    v - +2 plate armour {rC+}
rPois   .          Reflect  .    (helmet restricted)
rElec   .          Harm     .    y - +2 cloak
rCorr   +          Rampage  .    (no gloves)
Will    +....                    (no boots)
Stlth   ..........               b - amulet of the acrobat
HPRegen 0.31/turn                f - ring of protection from fire
MPRegen 0.17/turn                (no ring)

@: heroic, finesse-ful
A: horns 2, retaliatory headbutt
a: Renounce Religion, Heroism, Finesse, Duel


You were on level 4 of the Lair of Beasts.
You worshipped Okawaru.
Okawaru was extremely pleased with you.
You visited 2 branches of the dungeon, and saw 16 of its levels.

You collected 980 gold pieces.

Inventory:

Hand Weapons
 l - the +5 broad axe "Yhuhokli" (weapon) {venom, rN+ rCorr Int-3}
   (Okawaru gifted it to you on level 5 of the Lair of Beasts)

   It poisons the flesh of those it strikes.
   Int:       It affects your intelligence (-3).
   rN:        It protects you from negative energy.
   rCorr:     It protects you from acid and corrosion.
 H - a +0 war axe of freezing
   (Okawaru gifted it to you on level 2 of the Lair of Beasts)
Missiles
 r - a javelin (quivered)
 u - a throwing net
Armour
 c - a +0 buckler (worn)
 g - the +3 chain mail of Evyn {Fly Will+ Stlth+}
   (You found it on level 8 of the Dungeon)

   Fly:       It grants you flight.
   Will:      It increases your willpower.
   Stlth:     It makes you more stealthy.
 v - a +2 plate armour of cold resistance (worn)
   (You took it off an orc warrior on level 11 of the Dungeon)
 y - a +2 cloak (worn)
   (You found it on level 5 of the Dungeon)
 z - the +0 kite shield of Voudec {Int+9}
   (Okawaru gifted it to you on level 5 of the Lair of Beasts)

   Int:       It affects your intelligence (+9).
Jewellery
 b - an amulet of the acrobat (around neck)
   (You found it on level 3 of the Lair of Beasts)
 f - a ring of protection from fire (left hand)
   (You found it on level 11 of the Dungeon)
 G - a ring of ice
   (You found it on level 1 of the Lair of Beasts)
Wands
 B - a wand of mindburst (28)
   (You found it on level 6 of the Dungeon)
Scrolls
 a - a scroll of fear
 e - 4 scrolls of vulnerability
 i - 2 scrolls of enchant weapon
 s - 2 scrolls of immolation
 t - a scroll of teleportation
 F - 2 scrolls of enchant armour
Potions
 d - 6 potions of might
 h - 4 potions of haste
 j - 2 potions of cancellation
 k - a potion of mutation
 m - 4 potions of lignification
 n - a potion of resistance
 o - 5 potions of brilliance {unknown}
 p - a potion of berserk rage
 q - 4 potions of curing
 w - 3 potions of heal wounds
 x - 4 potions of attraction {unknown}
 A - a potion of flight
 D - 3 potions of ambrosia {unknown}
Miscellaneous
 C - a tin of tremorstones (2/2)
   (You found it on level 4 of the Lair of Beasts)


   Skills:
 + Level 12.7(17.7) Fighting
 * Level 17.1(22.1) Axes
 + Level 12.7(17.7) Armour
 + Level 8.7(13.7) Shields
 + Level 10.0 Invocations
 - Level 7.0 Evocations


You had 13 spell levels left.
You didn't know any spells.
Your spell library was empty.

Dungeon Overview and Level Annotations

Branches:
Dungeon (11/15)            Temple (0/1) D:5            Lair (5/5) D:10
  Swamp (0/4) Lair:2       Spider (0/4) Lair:3        Slime (0/5) Lair:4
    Orc (0/2) D:11

Altars:
Gozag
Okawaru
Sif Muna
Wu Jian
Yredelemnul
Zin
The Shining One
Jiyva

Shops:
D:1 (   D:4 [

Annotations:
D:1 2 transporters


Innate Abilities, Weirdness & Mutations

You have a pair of horns on your head.
You reflexively headbutt those who attack you in melee.


Message History

No target in view!
No target in view!
A nearby plant withers and dies.
C - a tin of tremorstones (2/2)
z - the +0 kite shield of Voudec {Int+9}
Found a book of Transfigurations.
You see here a book of Transfigurations.
You see here a book of Transfigurations.
There is a shaft here.
Found a pair of gloves.
d - 6 potions of might (gained 1)
An eight-headed hydra comes into view.
Found an escape hatch in the floor.
The eight-headed hydra roars!
The eight-headed hydra bites you. x2
You block the eight-headed hydra's attack.
The eight-headed hydra barely misses you. x2
The eight-headed hydra misses you.
The eight-headed hydra closely misses you.
You block the eight-headed hydra's attack.
You hack one of the eight-headed hydra's heads off!
The seven-headed hydra grows two more!
You slash the nine-headed hydra! You headbutt the nine-headed hydra!
The nine-headed hydra is heavily wounded.
The nine-headed hydra bites you but does no damage. x2
The nine-headed hydra barely misses you.
The nine-headed hydra bites you.
The nine-headed hydra closely misses you.
The nine-headed hydra bites you!
The nine-headed hydra closely misses you.
You block the nine-headed hydra's attack.
The nine-headed hydra bites you.
You lop one of the nine-headed hydra's heads off!
The eight-headed hydra grows two more!
You slash the ten-headed hydra!
The ten-headed hydra is heavily wounded.
The ten-headed hydra bites you but does no damage. x2
The ten-headed hydra closely misses you.
The ten-headed hydra bites you but does no damage.
The ten-headed hydra barely misses you. x2
You block the ten-headed hydra's attack.
The ten-headed hydra bites you!
The ten-headed hydra bites you but does no damage.
The ten-headed hydra bites you.
You hack one of the ten-headed hydra's heads off!
The nine-headed hydra grows two more!
You hit the 11-headed hydra.
The 11-headed hydra is poisoned.
The 11-headed hydra is moderately wounded.
You hit the 11-headed hydra but do no damage.
The 11-headed hydra looks as sick as possible!
The 11-headed hydra is heavily wounded.
The 11-headed hydra barely misses you. You furiously retaliate!
You headbutt the 11-headed hydra. The 11-headed hydra bites you!
The 11-headed hydra bites you but does no damage.
The 11-headed hydra bites you! You block the 11-headed hydra's attack.
The 11-headed hydra bites you but does no damage.
The 11-headed hydra bites you!
The 11-headed hydra bites you but does no damage. x2
The 11-headed hydra barely misses you. The 11-headed hydra bites you!
You barely miss the 11-headed hydra.
The 11-headed hydra is heavily wounded.
The 11-headed hydra completely misses you.
The 11-headed hydra closely misses you.
The 11-headed hydra bites you but does no damage.
You block the 11-headed hydra's attack.
The 11-headed hydra bites you but does no damage.
The 11-headed hydra closely misses you.
The 11-headed hydra bites you but does no damage.
You block the 11-headed hydra's attack.
The 11-headed hydra bites you but does no damage. x2
The 11-headed hydra bites you!
You are too injured to fight recklessly!
You are too injured to fight recklessly!
You are too injured to fight recklessly!
You are too injured to fight recklessly!
You gain the combat prowess of a mighty hero.
The 11-headed hydra closely misses you. You furiously retaliate!
You headbutt the 11-headed hydra.
The 11-headed hydra bites you but does no damage.
The 11-headed hydra bites you.
* * * LOW HITPOINT WARNING * * *
The 11-headed hydra bites you but does no damage.
The 11-headed hydra bites you!
* * * LOW HITPOINT WARNING * * *
You block the 11-headed hydra's attack. The 11-headed hydra closely misses you.
The 11-headed hydra barely misses you. The 11-headed hydra bites you.
* * * LOW HITPOINT WARNING * * *
The 11-headed hydra barely misses you.
The 11-headed hydra bites you but does no damage.
You can now deal lightning-fast blows.
The 11-headed hydra bites you.
* * * LOW HITPOINT WARNING * * *
The 11-headed hydra bites you but does no damage. x3
The 11-headed hydra bites you.
* * * LOW HITPOINT WARNING * * *
The 11-headed hydra bites you.
* * * LOW HITPOINT WARNING * * *
The 11-headed hydra bites you!
* * * LOW HITPOINT WARNING * * *
The 11-headed hydra bites you.
You die...

##....##........#.....)
#....##...............
##......#..............
#P....#...........##...
##................#....
#P....................
####[............P.##.
#..#.####.#..P..###
#.@.## #####....# #.D..#
##P...## #.....#
#P....## .........
##P....##
.....>......####...##P
........................
######....####.#######.#
###### ###


You could see a 11-headed hydra (extremely poisoned).

Vanquished Creatures
  A catoblepas (Lair:5)
  3 hydras
  2 anacondas (Lair:4)
  3 two-headed ogres
  10 death yaks (Lair:5)
  3 bog bodies (Lair:2)
  A cyclops (D:11)
  10 elephants (Lair:5)
  3 black mambas
  A gargoyle (D:11)
  7 cane toads
  An unseen horror (D:11)
  5 komodo dragons
  A rime drake (Lair:2)
  2 trolls
  7 polar bears
  4 hornets (Lair:5)
  6 dream sheep
  14 blink frogs
  A jumping spider (Lair:3)
  3 wraiths
  7 spriggans (Lair:5)
  A wyvern (Lair:4)
  36 yaks
  5 basilisks
  A redback (Lair:3)
  2 steam dragons
  4 vampire mosquitoes (D:11)
  2 swamp worms (Lair:2)
  13 water moccasins
  2 ice beasts
  6 orc warriors
  2 black bears
  2 sky beasts (D:8)
  An ogre (D:6)
  44 wolves
  A boggart (Lair:5)
  A kobold brigand (D:7)
  2 gnoll sergeants
  8 bullfrogs
  3 scorpions
  6 necrophages (Lair:3)
  7 wights
  12 killer bees
  2 electric eels
  A howler monkey (D:8)
  4 hounds
  8 orc priests
  2 gnoll boudas
  A jelly (Lair:4)
  Jessica (D:3)
  5 iguanas
  Ijyb (D:3)
  9 orc wizards
  Natasha (thrice) (D:3)
  Robin (D:3)
  14 gnolls
  15 adders
  5 shadow imps
  2 ufetubi (D:7)
  2 worms
  35 orcs
  8 ball pythons
  10 endoplasms
  A giant cockroach (D:2)
  7 goblins
  7 hobgoblins
  3 quokkas
  6 bats
  4 frilled lizards
  9 kobolds
  5 rats
427 creatures vanquished.

Vanquished Creatures (others)
  A dream sheep (Lair:4)
  2 demonic plants (D:7)
  42 fungi
  62 plants
107 creatures vanquished.

Grand Total: 534 creatures vanquished

Notes
Turn   | Place    | Note
-------+----------+-------------------------------------------
     0 | D:1      | Flugkiller the Minotaur Fighter began the quest for the
                  | Orb.
     0 | D:1      | Reached XP level 1. HP: 19/19 MP: 0/0
   357 | D:1      | Found Fiat's Weapon Emporium.
   367 | D:1      | Reached skill level 3 in Axes
   367 | D:1      | Reached XP level 2. HP: 26/27 MP: 1/1
  1098 | D:2      | Reached XP level 3. HP: 27/33 MP: 2/2
  1273 | D:2      | Reached skill level 4 in Axes
  1330 | D:2      | Found an iron altar of Okawaru.
  1381 | D:2      | Became a worshipper of Warmaster Okawaru
  1433 | D:2      | Found a faded altar of an unknown god.
  1476 | D:2      | Reached XP level 4. HP: 39/40 MP: 3/3
  1891 | D:3      | Noticed Natasha
  1902 | D:3      | Killed Natasha
  2228 | D:3      | Reached skill level 1 in Invocations
  2228 | D:3      | Reached XP level 5. HP: 45/47 MP: 4/4
  2362 | D:3      | Noticed Robin
  2374 | D:3      | Killed Robin
  2477 | D:3      | Noticed Natasha
  2484 | D:3      | Killed Natasha
  2568 | D:3      | Reached skill level 5 in Axes
  2598 | D:3      | Noticed Jessica
  2605 | D:3      | Noticed Ijyb
  2635 | D:3      | Killed Ijyb
  2637 | D:3      | Killed Jessica
  2792 | D:3      | Found a shimmering blue altar of Sif Muna.
  2826 | D:3      | Noticed Natasha
  2832 | D:3      | Killed Natasha
  2833 | D:3      | Reached skill level 5 in Armour
  2833 | D:3      | Reached XP level 6. HP: 46/55 MP: 6/6
  2980 | D:3      | Reached skill level 5 in Fighting
  3045 | D:4      | Reached * piety under Okawaru
  3099 | D:4      | Found Otsairr's Armour Emporium.
  3126 | D:3      | HP: 2/56 [something/puff of flame (9)]
  3452 | D:4      | Found a glowing golden altar of the Shining One.
  3484 | D:4      | Identified the +4 trident "Rozan" {freeze, Int+4}
  3507 | D:4      | Reached skill level 6 in Axes
  4038 | D:4      | Reached XP level 7. HP: 56/61 MP: 7/7
  4243 | D:4      | Found an opulent altar of Gozag.
  4243 | D:4      | Found a glowing silver altar of Zin.
  4353 | D:5      | Entered Level 5 of the Dungeon
  4707 | D:5      | Reached ** piety under Okawaru
  4715 | D:5      | Reached skill level 7 in Axes
  4911 | D:5      | Found a staircase to the Ecumenical Temple.
  5238 | D:6      | Reached XP level 8. HP: 51/70 MP: 9/9
  5361 | D:6      | Reached skill level 8 in Axes
  6243 | D:6      | Reached skill level 9 in Axes
  6496 | D:7      | Reached *** piety under Okawaru
  6668 | D:7      | Reached XP level 9. HP: 75/79 MP: 11/11
  7118 | D:7      | Reached skill level 5 in Invocations
  7721 | D:8      | Reached skill level 10 in Axes
  7910 | D:8      | Reached **** piety under Okawaru
  8115 | D:8      | Reached skill level 11 in Axes
  8326 | D:8      | Identified the +3 chain mail of Evyn {Fly Will+ Stlth+}
  8879 | D:9      | Reached XP level 10. HP: 87/90 MP: 10/13
  8889 | D:9      | Noticed a two-headed ogre
  8903 | D:9      | Killed a two-headed ogre
  9118 | D:9      | Found a basalt altar of Yredelemnul.
  9193 | D:9      | Reached ***** piety under Okawaru
  9454 | D:9      | Noticed a two-headed ogre
  9464 | D:9      | Killed a two-headed ogre
  9465 | D:9      | Reached skill level 12 in Axes
  9778 | D:10     | Entered Level 10 of the Dungeon
  9831 | D:10     | Found a staircase to the Lair.
  9959 | D:10     | Noticed a two-headed ogre
  9968 | D:10     | Killed a two-headed ogre
 10169 | D:10     | Received a gift from Okawaru
 10685 | D:10     | Found an ornate altar of the Wu Jian Council.
 10915 | D:11     | Reached skill level 13 in Axes
 10915 | D:11     | Reached XP level 11. HP: 76/99 MP: 15/15
 11370 | D:11     | Reached skill level 10 in Fighting
 11370 | D:11     | Reached skill level 10 in Armour
 11437 | D:11     | Found a staircase to the Orcish Mines.
 12361 | Lair:1   | Entered Level 1 of the Lair of Beasts
 12477 | Lair:1   | Reached skill level 1 in Evocations
 13544 | Lair:1   | Noticed a five-headed hydra
 13555 | Lair:1   | Killed a five-headed hydra
 14035 | Lair:2   | Reached skill level 5 in Evocations
 14113 | Lair:2   | Noticed a seven-headed hydra
 14287 | Lair:2   | Received a gift from Okawaru
 14357 | Lair:2   | Killed an 11-headed hydra
 14607 | Lair:2   | Noticed a bog body
 14608 | Lair:2   | Noticed a bog body
 14612 | Lair:2   | Killed a bog body
 14614 | Lair:2   | Killed a bog body
 14734 | Lair:2   | Noticed a bog body
 14751 | Lair:2   | Killed a bog body
 14850 | Lair:2   | Found a staircase to the Swamp.
 15109 | Lair:2   | Received a gift from Okawaru
 15201 | Lair:2   | Reached XP level 12. HP: 68/107 MP: 16/16
 15482 | Lair:2   | Reached skill level 14 in Axes
 16426 | Lair:3   | Reached skill level 5 in Shields
 16529 | Lair:3   | Identified the +7 falchion "Widofrich" {freeze, *Slow rPois
                  | MP+9 Dex-3}
 16610 | Lair:3   | Found a hole to the Spider Nest.
 17229 | Lair:3   | You fall into a shaft and drop 2 floors!
 17229 | Lair:5   | Entered Level 5 of the Lair of Beasts
 17508 | Lair:5   | Noticed a death yak
 17508 | Lair:5   | Noticed a death yak
 17532 | Lair:5   | Killed a death yak
 17532 | Lair:5   | Reached ****** piety under Okawaru
 17711 | Lair:5   | Reached skill level 15 in Axes
 17812 | Lair:5   | Noticed a six-headed hydra
 17848 | Lair:5   | Noticed a death yak
 17848 | Lair:5   | Noticed a death yak
 17848 | Lair:5   | Noticed a death yak
 17848 | Lair:5   | Noticed a death yak
 17849 | Lair:5   | Noticed a death yak
 17849 | Lair:5   | Noticed a death yak
 17972 | Lair:5   | HP: 3/110 [poisoned by a black mamba]
 18286 | Lair:5   | Identified the +5 broad axe "Yhuhokli" {venom, rN+ rCorr
                  | Int-3} (Okawaru gifted it to you on level 5 of the Lair of
                  | Beasts)
 18286 | Lair:5   | Received a gift from Okawaru
 18287 | Lair:5   | Reached XP level 13. HP: 102/116 MP: 15/18
 18626 | Lair:5   | Reached skill level 16 in Axes
 19114 | Lair:5   | Received a gift from Okawaru
 19496 | Lair:5   | Identified the +0 kite shield of Voudec {Int+9} (Okawaru
                  | gifted it to you on level 5 of the Lair of Beasts)
 19496 | Lair:5   | Received a gift from Okawaru
 19732 | Lair:5   | HP: 5/119 [spriggan/+0 short sword (9)]
 20785 | Lair:4   | Reached skill level 17 in Axes
 20849 | Lair:4   | Reached skill level 10 in Invocations
 20962 | Lair:4   | Found a viscous altar of Jiyva.
 20962 | Lair:4   | Found a staircase to the Slime Pits.
 21029 | Lair:4   | Reached XP level 14. HP: 109/127 MP: 20/20
 21402 | Lair:4   | HP: 3/127 [11-headed hydra (8)]
 21402 | Lair:4   | Slain by an 11-headed hydra

Illustrated notes

Levels and vault maps discovered:
D:1:      spicycebolla_arrival_transporter_tutorial, layout_basic, serial_shops,
          nicolae_shop_waterfront, item_on_display_a
D:2:      layout_loops_ring, dilly_ecumenical_altar_fadedgnrine, basic_altar,
          chequers_serial_rivers_micro_c
D:3:      layout_loops_cross, tgw_sif, serial_glass, glass_columns_b,
          glass_columns_c, glass_columns_a, glass_columns_b, minmay_cupped,
          uniq_robin, uniq_ijyb, uniq_natasha
D:4:      layout_loops_ring, tso_metal_star,
          grunt_temple_overflow_gold_and_silver, serial_shops,
          nicolae_stop_n_shop_2, minmay_misc_feat_encased, minmay_between
D:5:      layout_loops_cross, minmay_temple_entry_wispy
D:6:      layout_basic, palyth_stone_intersect
D:7:      layout_loops_ring, serial_demonic, serial_demonic_d, serial_demonic_e,
          serial_demonic_f, serial_demonic_e
D:8:      layout_rooms, serial_rivers, chequers_serial_rivers_room_a,
          chequers_serial_rivers_small_3, chequers_serial_rivers_micro_a,
          chequers_serial_rivers_micro_b, chequers_serial_rivers_small_b,
          chequers_serial_rivers_room_b
D:9:      layout_cave_pools, lemuel_tele_altar
D:10:     layout_long_grid, mainiacjoe_overflow_alcove_1, lair_entry_dummy
D:11:     layout_loops_corners, david_orc_3, portal_ice_cave_entry_pillars_2
Lair:1:   layout_gridlike, chequers_serial_rivers_micro_e, lemuel_fruit_fields
Lair:2:   layout_roguey, nicolae_swamp_entry_splash_gauntlet
Lair:3:   layout_chaotic_city, spider_nest_entry_a, fungi_pond_lemuel,
          roderic_carrion_pond, uniq_kirke
Lair:4:   layout_small_grid, nicolae_slime_entry_slimehenge,
          beast_lair_carwin_9, lemuel_fruit_tree, infiniplex_staircase_pool
Lair:5:   minmay_lair_end_enchanted_forest, layout_regular_city, disabler_island

Skill      XL: |  1  2  3  4  5  6  7  8  9 10 11 12 13 |
---------------+----------------------------------------+-----
Axes           | 3 4 5 6 7 9 11 13 15 17 | 17.1
Fighting       | 4 5 6 7 8 9 10 11 12 | 12.7
Armour         | 4 5 6 7 8 9 10 11 12 | 12.7
Invocations    | 1 2 3 4 6 7 8 10 | 10.0
Evocations     | 7 |  7.0
Shields        | 4 6 8 |  8.7

Action                   |  1- 3 |  4- 6 |  7- 9 | 10-12 | 13-15 || total
-------------------------+-------+-------+-------+-------+-------++-------
Melee: War axe           |    74 |   156 |   291 |   530 |     9 ||  1060
       Headbutt          |     8 |    22 |    53 |   131 |    75 ||   289
       Unarmed           |       |    24 |     6 |       |       ||    30
       Broad axe         |       |       |       |       |   267 ||   267
Invok: Heroism           |       |       |     7 |    15 |    12 ||    34
       Finesse           |       |       |       |       |     4 ||     4
Evoke: Wand              |       |       |       |    14 |     5 ||    19
  Use: Potion            |       |     2 |       |     4 |     5 ||    11
       Scroll            |       |       |    12 |    11 |     2 ||    25
Armor: Scale mail        |    32 |    64 |    57 |       |       ||   153
       Skin              |       |     8 |       |       |       ||     8
       Plate armour      |       |       |    98 |   277 |   177 ||   552
       Chain mail        |       |       |     6 |    96 |       ||   102
Dodge: Dodged            |    33 |    68 |   105 |   163 |   106 ||   475
Block: Buckler           |    23 |    30 |    81 |   161 |    89 ||   384

Table legend: (Time is in decaauts)
 A = Elapsed time spent in this place.
 B = Non-inter-level travel time spent in this place.
 C = Inter-level travel time spent in this place.
 D = Time resting spent in this place.
 E = Time spent auto-exploring this place.
 F = Levels seen in this place.
 G = Mean time per level.
                   A        B        C        D        E       F      G
               +--------+--------+--------+--------+--------+-----+--------+
         Total |  21375 |  21062 |    313 |   4307 |  13908 |  16 | 1335.9 |
       Dungeon |  12436 |  12153 |    283 |   1559 |   9014 |  11 | 1130.5 |
          Lair |   8938 |   8908 |     30 |   2748 |   4894 |   5 | 1787.6 |
               +--------+--------+--------+--------+--------+-----+--------+

Top non-repeatable levels by time:
  Lair:5: 2891 daAuts
  Lair:2: 2346 daAuts
  Lair:1: 1613 daAuts
    D:11: 1570 daAuts
     D:3: 1504 daAuts
     D:6: 1315 daAuts
     D:7: 1232 daAuts
  Lair:4: 1184 daAuts
     D:4: 1066 daAuts
     D:8: 1063 daAuts
     D:1: 1060 daAuts
     D:9: 1005 daAuts
    D:10: 997 daAuts
  Lair:3: 902 daAuts
     D:5: 822 daAuts
